Cogmind - Beta 14 @@@ ROGUE MODE // 2024.11.06 @ 15:41:35 Player: 7604 Result: Escaped! Performance ------------- Evolutions (9) 4500 Regions Visited (28) 5600 Robots Destroyed (151) 755 Value Destroyed (3976) 3976 Prototype IDs (32) 640 Alien Tech Used (5) 1000 Bonus (4954) 4954 TOTAL SCORE: 21425 Bonus ------- High Alert Combat Kills 22 Follower Combat Kills 655 Entered DSFs 500 Met Data Miner 300 Hacked Protovariant 500 Win 3000 Friendly Fire -23 Cogmind --------- Core Integrity 1502/1600 Matter 153/300 Energy 177/180 System Corruption 1% Temperature Cool (-191) Movement Flying (34) Location To Epsilon Eridani Parts ------- > --- POWER (2) -------- Light Particle Reactor > --- PROPULSION (8) --- Improved Diametric Drive Impulse Thruster Array Impulse Thruster Array > --- UTILITY (13) ----- Advanced Cryofiber Web Large Storage Unit Advanced Weight Redist. System Advanced Signal Interpreter Seismic Detector Advanced Reaction Control System Point Defense System Hacking Suite Improved Hacking Suite Advanced System Shield Advanced System Shield Advanced Component Analysis Suite > --- WEAPON (2) ------- (None) > --- INVENTORY (15) --- Light Antimatter Reactor Centrium Wheel Advanced Cryofiber Web Medium Storage Unit Compact Battery (200) Advanced Weight Redist. System Advanced Weight Redist. System Advanced Visual Processing Unit Advanced Signal Interpreter Advanced Reaction Control System Experimental Hardlight Generator Force Field Point Defense System Micro-nuke Launcher Advanced Remote Datajack Peak State ------------ > --- POWER ------------ Light Particle Reactor > --- PROPULSION ------- Field Propulsion Drive Field Propulsion Drive Impulse Thruster Impulse Thruster Impulse Thruster Impulse Thruster Array > --- UTILITY ---------- Medium Storage Unit Advanced Weight Redist. System Structural Scanner Long-range Sensor Array Advanced Signal Interpreter Advanced Melee Analysis Suite Phase Redirector Hacking Suite Improved Hacking Suite Advanced System Shield Advanced System Shield > --- WEAPON ----------- Sigix Terminator > --- INVENTORY -------- Light Antimatter Reactor Light Particle Reactor Centrium Wheel Impulse Thruster Structural Scanner Advanced Component Analysis Suite Subatomic Replicator Terrabomb Micro-nuke Launcher Phasing Sabre [Rating: 148] Favorites ----------- Power Ion Engine Engine Ion Engine Power Core Neutrino Core Reactor Light Particle Reactor Propulsion Improved VTOL Module Treads Light Treads Leg Carbon-fiber Leg Wheel Centrium Wheel Flight Unit Improved VTOL Module Utility Hacking Suite Device Structural Scanner Storage Medium Storage Unit Processor Advanced Signal Interpreter Hackware Hacking Suite Protection Light Armor Plating Artifact Phase Redirector Weapon Improved Medium Laser Energy Gun Improved Medium Laser Energy Cannon Null Cannon Ballistic Gun KE Penetrator Ballistic Cannon Magnetic Acceleration Cannon Launcher Grenade Launcher Special Weapon Remote Datajack Slashing Weapon Chainsword Piercing Weapon Lance Special Melee Weapon Improved Datajack Build | -11 -10 -10 -9 -9 -8 -7 -7 -7 -7 -6 -6 -6 -6 -6 -5 -5 -5 -5 -4 -4 -4 -4 -3 -3 -3 -2 -2 -1 ------- Run | Yrd Mat Min Mat Min Mat Fac Low Low Dat Pro Fac Low Low Zio Pro Fac Ext Cet Fac Was Fac DSF Res Qua Sec Res Tes Acc Slots Evolved 18 | . . . 2 . 2 2 . . . . 2 . . . . 2 . . 2 . . . 2 . . 2 . 2 Power 1 | . . . . . . . . . . . . . . . . . . . . . . . . . . . . 1 Propulsion 6 | . . . . . 1 2 . . . . . . . . . . . . 1 . . . 1 . . 1 . . Utility 11 | . . . 2 . 1 . . . . . 2 . . . . 2 . . 1 . . . 1 . . 1 . 1 Weapon . | . . . . . . . . . . . . . . . . . . . . . . . . . . . . . Parts Attached 313 | 6 15 2 24 2 25 31 4 . . . 22 2 . 7 12 29 31 . 5 4 4 12 20 19 8 4 14 11 Power 34 | 1 2 . 4 . 3 2 . . . . 2 . . 1 1 3 3 . . . 2 2 1 1 1 . 1 4 Engine 15 | 1 2 . 4 . 2 2 . . . . 2 . . . . . 1 . . . . 1 . . . . . . Core 10 | . . . . . 1 . . . . . . . . 1 1 3 2 . . . 2 . . . . . . . Reactor 9 | . . . . . . . . . . . . . . . . . . . . . . 1 1 1 1 . 1 4 Propulsion 88 | 2 7 . 2 1 7 13 . . . . 2 1 . . 8 8 11 . 1 4 . 5 6 7 1 1 1 . Treads 23 | . 4 . 2 1 6 3 . . . . . . . . . . 6 . 1 . . . . . . . . . Leg 10 | 2 3 . . . . . . . . . . . . . . . 5 . . . . . . . . . . . Wheel 2 | . . . . . . . . . . . . . . . . . . . . 1 . 1 . . . . . . Hover . | . . . . . . . . . . . . . . . . . . . . . . . . . . . . . Flight 53 | . . . . . 1 10 . . . . 2 1 . . 8 8 . . . 3 . 4 6 7 1 1 1 . Utility 135 | 1 4 1 12 1 9 12 4 . . . 14 . . 4 1 15 12 . 3 . 1 3 11 8 5 3 5 6 Device 70 | . 1 . 2 1 2 5 3 . . . 8 . . 2 . 7 8 . 2 . . 3 6 5 3 3 4 5 Storage 12 | 1 1 1 1 . 1 2 . . . . . . . 2 . . . . . . 1 . . 1 1 . . . Processor 8 | . . . 1 . 1 . 1 . . . 1 . . . . . 2 . . . . . 2 . . . . . Hackware 13 | . . . . . 1 2 . . . . 2 . . . . 2 2 . . . . . 2 1 . . 1 . Protection 31 | . 2 . 8 . 4 3 . . . . 3 . . . 1 6 . . 1 . . . 1 . 1 . . 1 Artifact 1 | . . . . . . . . . . . . . . . . . . . . . . . . 1 . . . . Weapon 56 | 2 2 1 6 . 6 4 . . . . 4 1 . 2 2 3 5 . 1 . 1 2 2 3 1 . 7 1 Energy Gun 14 | 1 1 1 5 . 5 1 . . . . . . . . . . . . . . . . . . . . . . Energy Cannon 1 | . . . . . . . . . . . . . . . . . . . . . . . . . . . 1 . Ballistic Gun 6 | 1 1 . . . . . . . . . . . . . . 1 1 . . . . . 1 . . . 1 . Ballistic Cannon 9 | . . . . . . . . . . . 3 1 . . . . 2 . 1 . . . 1 1 . . . . Launcher 10 | . . . 1 . 1 1 . . . . . . . . 1 . . . . . . 1 . 1 1 . 2 1 Special Weapon 2 | . . . . . . . . . . . . . . 1 . . 1 . . . . . . . . . . . Impact Weapon . | . . . . . . . . . . . . . . . . . . . . . . . . . . . . . Slashing Weapon 8 | . . . . . . 2 . . . . . . . . . . . . . . 1 1 . 1 . . 3 . Piercing Weapon 5 | . . . . . . . . . . . . . . 1 1 2 1 . . . . . . . . . . . Special Melee Weapon 1 | . . . . . . . . . . . 1 . . . . . . . . . . . . . . . . . Unidentified Prototypes 13 | . . . . . 2 . . . . . . . . 1 . . . . . . . . 1 4 1 . 4 . Corrupted Parts 3 | . . . . . . . . . . . . . . . . . 3 . . . . . . . . . . . System Corruption 23 | . . . . . . . . . . . . . . . . . 23 . . . . . . . . . . . Parts Lost 84 | . . . 2 1 3 1 1 . . . 1 1 1 . 11 12 10 1 . . . 7 6 11 7 . 3 5 Power 10 | . . . 1 . . . . . . . . . 1 . 2 . 2 . . . . 1 . 1 1 . . 1 Propulsion 37 | . . . . 1 2 . . . . . . 1 . . 8 4 5 . . . . 2 3 8 1 . 1 1 Utility 32 | . . . 1 . 1 1 1 . . . 1 . . . 1 7 3 1 . . . 3 3 2 4 . 1 2 Weapon 5 | . . . . . . . . . . . . . . . . 1 . . . . . 1 . . 1 . 1 1 Highest Loss Streak 8 | . . . 1 1 1 1 1 . . . 1 1 1 . 6 8 5 1 . . . 7 6 8 3 . 1 3 To Critical Strikes 2 | . . . . . . . . . . . . . . . . . . . . . . . . . 1 . 1 . Average Slot Usage (%) 90 | . 99 100 99 100 92 90 91 92 92 92 92 93 87 89 80 77 82 92 93 66 64 69 93 89 70 63 78 73 Engine 6 | . 14 14 10 11 8 7 7 7 7 7 6 6 1 . . . 2 . . . . 1 . . . . . . Treads 10 | . 14 28 22 22 20 9 . . . . . . . . . . 7 17 21 2 . . . . . . . . Leg 2 | . 13 . . . . . . . . . . . . . . . 8 11 10 . . . . . . . . . Flight 11 | . . . . . . 21 38 38 38 38 33 33 33 33 26 16 . . . 13 15 21 32 25 14 13 19 15 Device 12 | . . . 11 11 11 7 7 7 7 7 14 13 13 13 8 9 23 17 20 15 15 14 17 13 15 18 23 21 Storage 7 | . 14 14 11 11 9 7 7 7 7 7 6 6 6 6 6 5 5 5 5 5 5 5 4 4 4 4 4 4 Processor 4 | . . . 2 . . . 5 7 7 7 6 6 6 6 6 5 11 11 10 10 10 7 8 9 7 4 4 4 Hackware 9 | . . . . . 3 15 15 15 15 15 12 20 20 20 20 20 6 15 10 10 10 10 13 20 19 17 18 19 Protection 8 | . 13 14 18 22 19 6 . . . . 4 . . . 1 4 . . 4 5 1 . 3 . 1 . . . Energy Gun 9 | . 17 28 21 22 17 7 . . . . . . . . . . . . . . . . . . . . . . Ballistic Gun 1 | . 10 . . . . . . . . . . . . . . 1 2 5 . . . . . . . . . . Slashing Weapon 1 | . . . . . . 3 7 7 7 7 6 6 6 4 . . . . . . . 3 4 3 2 . 3 3 Peak Build Rating 148 | 6 8 8 17 17 42 49 44 44 44 44 58 62 57 60 56 86 76 72 80 81 66 90 133 148 108 105 143 145 Average Rating 48 | 4 7 8 14 16 34 41 43 44 44 44 49 58 52 54 47 70 56 70 78 60 59 70 122 117 100 93 129 134 On Entrance 53 | . 6 8 8 16 17 41 42 44 44 44 44 58 57 52 56 28 32 72 66 80 57 59 84 109 103 84 105 129 Naked Turns . | . . . . . . . . . . . . . . . . . . . . . . . . . . . . . Heaviest Build 58 | 11 21 31 42 40 55 41 23 23 23 23 26 24 24 22 22 32 43 33 50 50 25 34 53 58 46 45 49 53 Greatest Support 96 | 20 40 40 40 40 66 64 25 25 25 25 27 27 26 26 29 44 76 45 96 96 21 54 55 61 48 52 58 54 Greatest Overweight (x) 9 | . . . 1 . 2 8 . . . . . . . . 2 1 9 . 1 . 1 1 . 1 1 . . 1 Average Overweight (x) . | . . . . . . . . . . . . . . . . . . . . . . . . . . . . . Largest Inventory Capacity 15 | 8 10 15 15 15 15 15 10 10 10 10 10 10 10 15 10 10 10 10 10 10 10 10 10 10 15 15 15 15 Average Capacity 12 | 6 8 13 15 15 15 11 10 10 10 10 10 10 10 10 10 10 10 10 10 10 10 10 10 10 13 15 15 15 Most Carried 15 | 2 10 11 15 15 15 15 10 10 10 10 10 10 10 10 10 10 10 10 10 10 10 10 10 10 11 12 15 15 Average Carried 10 | 1 7 10 14 14 14 11 9 9 10 10 9 9 10 9 9 8 5 10 9 9 9 9 9 9 8 9 14 14 Final Capacity 15 | 8 10 15 15 15 15 10 10 10 10 10 10 10 10 10 10 10 10 10 10 10 10 10 10 10 15 15 15 15 Final Carried 15 | 2 10 11 15 15 14 10 9 10 10 10 10 10 10 10 10 10 10 10 10 10 10 10 7 6 7 12 15 15 Class Distribution -------------------- 35% | Mutant 14% | Hacker-Scout 11% | Hacker-Sprinter 10% | Hacker-Mutant 6% | Scavenger-Mutant 5% | Scavenger-Skirmisher 5% | Hacker-Assassin 3% | Hacker-Ninja Dominant Class ---------------- Mutant | -10/Materials Mutant | -10/Mines Mutant | -9/Materials Scavenger-Mutant | -9/Mines Mutant | -8/Materials Hacker-Sprinter | -7/Factory Hacker-Sprinter | -7/Lower Caves Hacker-Sprinter | -7/Lower Caves Hacker-Sprinter | -7/Data Miner Hacker-Sprinter | -6/Proximity Caves Hacker-Scout | -6/Factory Hacker-Scout | -6/Lower Caves Hacker-Assassin | -6/Lower Caves Hacker-Scout | -6/Zion Hacker-Sprinter | -5/Proximity Caves Hacker-Mutant | -5/Factory Scavenger-Skirmisher | -5/Extension Hacker-Mutant | -5/Cetus Hacker-Mutant | -4/Factory Hacker-Scout | -4/Waste Hacker-Scout | -4/Factory Hacker-Scout | -4/DSF Hacker-Ninja | -3/Research Hacker-Scout | -3/Quarantine Hacker-Scout | -3/Section 7 Hacker-Mutant | -2/Research Hacker-Sprinter | -2/Testing Wizard-Sprinter | -1/Access Resources | -11 -10 -10 -9 -9 -8 -7 -7 -7 -7 -6 -6 -6 -6 -6 -5 -5 -5 -5 -4 -4 -4 -4 -3 -3 -3 -2 -2 -1 ----------- Run | Yrd Mat Min Mat Min Mat Fac Low Low Dat Pro Fac Low Low Zio Pro Fac Ext Cet Fac Was Fac DSF Res Qua Sec Res Tes Acc Matter Collected 3965 | 152 413 20 220 30 262 300 70 . . . 214 82 . 55 81 221 789 . 136 . 111 23 113 75 359 . 110 129 Remotely . | . . . . . . . . . . . . . . . . . . . . . . . . . . . . . Salvage Created 5042 | . 468 . 1270 127 862 327 . . . . 287 . 23 . 62 85 495 . 40 . 111 66 113 75 283 . 186 162 Parts 302 | . 39 . 66 14 54 10 . . . . 32 . . . 7 8 19 . . . 6 7 9 4 9 . 13 5 Haulers Intercepted 12 | . 1 . 4 . 2 3 . . . . . . . . . . . . . . . . . . 1 . . 1 Recyclers Shooed 4 | . 1 . 1 1 . . . . . . . . . . . . 1 . . . . . . . . . . . Parts Field Recycled . | . . . . . . . . . . . . . . . . . . . . . . . . . . . . . Retrieved Matter . | . . . . . . . . . . . . . . . . . . . . . . . . . . . . . Parts Self-Destructed 18 | . . . . . . . 4 . . . . . . . 14 . . . . . . . . . . . . . Prevented 5 | . . . . . . . 1 . . . . 4 . . . . . . . . . . . . . . . . Kills | -11 -10 -10 -9 -9 -8 -7 -7 -7 -7 -6 -6 -6 -6 -6 -5 -5 -5 -5 -4 -4 -4 -4 -3 -3 -3 -2 -2 -1 ------- Run | Yrd Mat Min Mat Min Mat Fac Low Low Dat Pro Fac Low Low Zio Pro Fac Ext Cet Fac Was Fac DSF Res Qua Sec Res Tes Acc Combat Hostiles Destroyed 89 | . 13 . 26 6 14 1 . . . . 2 . . . 5 1 6 . 1 . . 3 3 . 2 . 5 1 Melee 8 | . . . . . . . . . . . 2 . . . . . 2 . . . . 1 3 . . . . . Guns 56 | . 13 . 24 6 10 1 . . . . . . . . . 1 1 . . . . . . . . . . . Cannons 4 | . . . . . . . . . . . . . . . . . 3 . 1 . . . . . . . . . AOE 21 | . . . 2 . 4 . . . . . . . . . 5 . . . . . . 2 . . 2 . 5 1 Classes Destroyed 14 | . 7 . 2 . . . . . . . 2 . 1 . . . . . . . . 1 . 1 . . . . Worker 2 | . 1 . . . 1 . . . . . . . . . . . . . . . . . . . . . . . Builder 9 | . . . 2 . . . . . . . 1 . . . . 1 4 . . . . . . . 1 . . . Hauler 12 | . 1 . 4 . 2 3 . . . . . . . . . . . . . . . . . . 1 . . 1 Recycler 8 | . 1 . 1 . 2 1 . . . . . . . . . . 1 . . . 1 . . . 1 . . . Minesweeper 1 | . . . . . . . . . . . . . 1 . . . . . . . . . . . . . . . Operator 10 | . 1 . 1 . 2 1 . . . . 4 . . . . 1 . . . . . . . . . . . . Drone 1 | . . . . . . . . . . . 1 . . . . . . . . . . . . . . . . . Watcher 20 | . 3 . 4 . 1 2 . . . . 4 . . . . 1 1 . . . . . . 1 . . 2 1 Swarmer 40 | . 8 . 9 4 4 1 . . . . . . . . 5 1 . . . . . . 3 . . . 5 . Cutter 5 | . . . . . . . . . . . . . . . . . . . . . . 3 . . 2 . . . Grunt 29 | . 5 . 12 2 6 . . . . . . . . . . . 4 . . . . . . . . . . . Researcher 1 | . . . . . . . . . . . . . . . . . . . . . . . . 1 . . . . Sentry 12 | . . . 5 . 4 . . . . . . . . . . . 2 . 1 . . . . . . . . . Programmer 2 | . . . . . . . . . . . 1 . . . . . . . . . . . . . . . . 1 Best Kill Streak 5 | . 5 . 4 4 4 2 . . . . 2 . 1 . 5 2 2 . 1 . 1 3 2 1 2 . 5 1 Combat Bots Only 5 | . 5 . 4 4 4 1 . . . . 1 . . . 5 1 2 . 1 . . 3 2 . 2 . 5 1 Max Kills in Single Turn 5 | . 1 . 2 1 3 1 . . . . 1 . 1 . 5 1 1 . 1 . 1 2 1 1 2 . 3 1 Gunslinging . | . . . . . . . . . . . . . . . . . . . . . . . . . . . . . Exploded 5 | . . . 2 . 3 . . . . . . . . . 5 . . . . . . 2 . . 2 . 3 1 Melee 1 | . . . . . . . . . . . 1 . . . . . 1 . . . . 1 1 . . . . . Uniques/NPCs Destroyed . | . . . . . . . . . . . . . . . . . . . . . . . . . . . . . Combat | -11 -10 -10 -9 -9 -8 -7 -7 -7 -7 -6 -6 -6 -6 -6 -5 -5 -5 -5 -4 -4 -4 -4 -3 -3 -3 -2 -2 -1 -------- Run | Yrd Mat Min Mat Min Mat Fac Low Low Dat Pro Fac Low Low Zio Pro Fac Ext Cet Fac Was Fac DSF Res Qua Sec Res Tes Acc Hostile Shots Fired 1112 | . 52 . 109 29 73 31 26 . . 4 41 30 17 . 92 126 90 15 4 . . 49 32 91 54 3 70 74 Missed 480 | . 11 . 32 6 21 20 16 . . 3 27 16 15 . 41 61 24 5 . . . 25 9 39 24 2 41 42 Damage Taken 11738 | . 381 . 928 209 720 569 115 . . 17 180 74 43 . 856 1230 1375 296 100 . . 786 595 1165 876 28 569 626 Core 2680 | . 59 . 68 19 61 32 51 . . 17 99 5 . . 336 419 269 55 . . . 267 77 387 229 . 132 98 Absorbed by Shields 161 | . . . . . . . . . . . . . . . . 51 55 . . . . 27 . . . . . 28 Redirected to Core 110 | . . . . . . . . . . . . . . . . . . . . . . . . 110 . . . . Redirected to Shielding 93 | . . . . . . . . . . . 12 . . . 21 17 . . . . . . . . . . . 43 Ignored by Resistances 36 | . . . . . 36 . . . . . . . . . . . . . . . . . . . . . . . Regen/Repaired (Parts) 309 | . 76 . 68 . 146 . . . . . 19 . . . . . . . . . . . . . . . . . Core Remaining (%) 73 | 100 . 76 . 78 88 . . . . 85 . . . . 48 . . 25 . . . 76 . . 46 . 90 93 Volleys Fired 321 | . 57 1 88 13 47 15 . . . . 8 3 . . 1 3 60 4 7 . . 1 1 5 1 . 3 3 Largest 2 | . 2 2 2 2 2 2 . . . . 1 1 . . 1 1 2 1 1 . . 1 1 1 1 . 2 1 Hottest 160 | . 80 80 112 112 160 160 . . . . 53 53 . . 39 33 86 33 61 . . 39 66 66 49 . 82 49 Shots Fired 544 | . 108 2 175 26 92 18 . . . . 8 3 . . 1 3 82 4 7 . . 1 1 5 1 . 4 3 Gun 451 | . 108 2 174 26 90 17 . . . . . . . . . 3 25 4 . . . . . . . . 2 . Cannon 80 | . . . . . . . . . . . 8 3 . . . . 56 . 7 . . . 1 5 . . . . Launcher 12 | . . . 1 . 2 1 . . . . . . . . 1 . . . . . . 1 . . 1 . 2 3 Special 1 | . . . . . . . . . . . . . . . . . 1 . . . . . . . . . . . Kinetic 170 | . 56 . . . . . . . . . 8 3 . . . 3 81 4 7 . . . 1 5 . . 2 . Thermal 361 | . 52 2 174 26 90 17 . . . . . . . . . . . . . . . . . . . . . . Explosive 12 | . . . 1 . 2 1 . . . . . . . . 1 . . . . . . 1 . . 1 . 2 3 Electromagnetic . | . . . . . . . . . . . . . . . . . . . . . . . . . . . . . Robot Hit Streak 15 | . 10 3 15 7 10 9 . . . . . . . . 2 1 6 1 4 . . . . . 1 . 5 2 Robot Miss Streak 7 | . 6 . 4 3 7 4 . . . . . . . . . 1 3 3 1 . . 1 . . . . . 1 Penetration Max 1 | . . . . . . . . . . . . . . . . . . . . . . . . . . . 1 . Secondary Targets 2 | . 1 . . 1 . . . . . . . . . . . . . . . . . . . . . . . . Max Gunslinging Chain 1 | . 1 . . 1 . . . . . . . . . . . . . . . . . . . . . . . . Shots Hit Robots 418 | . 70 2 121 17 61 23 . . . . 13 . 5 . 2 5 56 1 4 . 1 1 7 2 8 . 9 10 Core Hits 210 | . 28 1 49 8 42 13 . . . . 9 . 2 . 4 3 21 . 2 . 1 7 3 2 4 . 7 4 Critical Kills . | . . . . . . . . . . . . . . . . . . . . . . . . . . . . . Critical Parts Destroyed . | . . . . . . . . . . . . . . . . . . . . . . . . . . . . . Critical Strikes 26 | . . . 14 2 4 3 . . . . . . 1 . . . 1 . . . . . 1 . . . . . Burn 20 | . . . 14 2 4 . . . . . . . . . . . . . . . . . . . . . . . Sever 5 | . . . . . . 3 . . . . . . 1 . . . . . . . . . 1 . . . . . Impale 1 | . . . . . . . . . . . . . . . . . 1 . . . . . . . . . . . Melee Attacks 191 | . . . . . . 21 . . . 1 29 3 5 1 5 33 14 . . . 1 3 18 10 12 . 20 15 Impact . | . . . . . . . . . . . . . . . . . . . . . . . . . . . . . Slashing 139 | . . . . . . 21 . . . 1 29 3 5 1 . . . . . . 1 3 18 10 12 . 20 15 Piercing 52 | . . . . . . . . . . . . . . . 5 33 14 . . . . . . . . . . . Sneak Attacks 17 | . . . . . . 1 . . . . 2 . 1 . . 2 3 . . . 1 . . 2 3 . . 2 Combat Hostiles 1 | . . . . . . . . . . . 1 . . . . . . . . . . . . . . . . . Follow-up Attacks . | . . . . . . . . . . . . . . . . . . . . . . . . . . . . . Damage Inflicted 13000 | . 910 26 2071 331 1249 823 . . . . 719 . 227 . 366 264 1931 28 275 . 74 370 334 193 644 . 1205 960 Guns 5001 | . 889 22 1905 293 1095 259 . . . . . . . . . 23 408 28 . . . . . . . . 79 . Cannons 1142 | . . . . . . . . . . . . . . . . . 996 . 146 . . . . . . . . . Explosions 2150 | . . . 140 . 124 57 . . . . . . . . 342 . . . 129 . . 319 . . 154 . 681 204 Melee 4568 | . . . . . . 493 . . . . 719 . 227 . 24 241 521 . . . 74 51 334 193 490 . 445 756 Ramming 139 | . 21 4 26 38 30 14 . . . . . . . . . . 6 . . . . . . . . . . . Kinetic 2183 | . 503 . . . . . . . . . . . . . . 23 1404 28 146 . . . . . . . 79 . Thermal 4089 | . 386 22 1905 293 1095 259 . . . . . . . . . . . . 129 . . . . . . . . . Explosive 2021 | . . . 140 . 124 57 . . . . . . . . 342 . . . . . . 319 . . 154 . 681 204 Electromagnetic . | . . . . . . . . . . . . . . . . . . . . . . . . . . . . . Impact . | . . . . . . . . . . . . . . . . . . . . . . . . . . . . . Slashing 3782 | . . . . . . 493 . . . . 719 . 227 . . . . . . . 74 51 334 193 490 . 445 756 Piercing 786 | . . . . . . . . . . . . . . . 24 241 521 . . . . . . . . . . . Highest Corruption 24 | . . . . . . 1 1 1 1 1 . . . . . . 24 24 . 10 10 10 1 1 2 . . 1 Average Corruption 7 | . . . . . . 1 1 1 1 1 . . . . . . 22 24 . 10 10 10 1 1 1 . . 1 Corruption Purged 2 | . . . . . . . . . . . . . . . . . 2 . . . . . . . . . . . Corruption Blocked . | . . . . . . . . . . . . . . . . . . . . . . . . . . . . . Effects 88 | . . . . . . 5 . 2 . 1 . . . . . . 51 4 . 3 2 4 4 7 5 . . . Message Errors 24 | . . . . . . 2 . . . . . . . . . . 14 1 . 1 1 2 . 2 1 . . . Matter Fused 20 | . . . . . . 3 . . . . . . . . . . 10 . . . 1 1 . 2 3 . . . Heat Flow Errors 7 | . . . . . . . . . . . . . . . . . 4 1 . 1 . . . 1 . . . . Energy Discharges 8 | . . . . . . . . . . . . . . . . . 4 . . . . . 3 . 1 . . . Parts Fused 3 | . . . . . . . . . . . . . . . . . 2 1 . . . . . . . . . . Data Loss (minor) 14 | . . . . . . . . 2 . 1 . . . . . . 6 1 . 1 . . 1 2 . . . . Data Loss (major) 3 | . . . . . . . . . . . . . . . . . 3 . . . . . . . . . . . Misfires 2 | . . . . . . . . . . . . . . . . . 2 . . . . . . . . . . . Misdirections 1 | . . . . . . . . . . . . . . . . . . . . . . 1 . . . . . . Weapon Failures 6 | . . . . . . . . . . . . . . . . . 6 . . . . . . . . . . . Overload Shots . | . . . . . . . . . . . . . . . . . . . . . . . . . . . . . Overflow Damage 1095 | . . . 30 . 27 45 . . . . 96 . 75 . 25 47 223 . 15 . . . 5 . 68 . 119 320 Projectiles 8 | . . . . . . . . . . . . . . . . . 7 . 1 . . . . . . . . . Explosions 146 | . . . 30 . 27 5 . . . . . . . . 25 . . . 14 . . . . . . . 5 40 Melee 941 | . . . . . . 40 . . . . 96 . 75 . . 47 216 . . . . . 5 . 68 . 114 280 Knockbacks 4 | . . . . . . . . . . . . . . . . . 3 . 1 . . . . . . . . . Impact . | . . . . . . . . . . . . . . . . . . . . . . . . . . . . . Kinetic 4 | . . . . . . . . . . . . . . . . . 3 . 1 . . . . . . . . . Secondary . | . . . . . . . . . . . . . . . . . . . . . . . . . . . . . Self-Inflicted Damage 172 | . . . . . 22 . . . . . . . . . 63 . . . . . . . . . 87 . . . Shots 3 | . . . . . 1 . . . . . . . . . 1 . . . . . . . . . 1 . . . Rammed 26 | . 3 2 8 7 2 3 . . . . . . . . . . 1 . . . . . . . . . . . Targets Rammed 29 | . 6 2 8 7 2 3 . . . . . . . . . . 1 . . . . . . . . . . . Kicked 2 | . 2 . . . . . . . . . . . . . . . . . . . . . . . . . . . Crushed 1 | . 1 . . . . . . . . . . . . . . . . . . . . . . . . . . . Highest Temperature 294 | . 139 27 225 288 285 270 42 4 3 4 8 12 3 . 19 11 182 193 9 71 . . 294 96 19 . . . Average Temperature 51 | . 32 16 52 128 65 56 7 2 2 2 2 4 3 . 7 4 41 95 5 50 . . 71 64 7 . . . Received Heat Transfer 2268 | . 102 . 303 30 360 45 54 . . . 15 27 9 . 72 230 522 9 18 . . 54 60 222 109 9 9 9 Effects 2 | . . . . . . 2 . . . . . . . . . . . . . . . . . . . . . . Energy Bleed 2 | . . . . . . 2 . . . . . . . . . . . . . . . . . . . . . . Siege Activations . | . . . . . . . . . . . . . . . . . . . . . . . . . . . . . Robots Corrupted . | . . . . . . . . . . . . . . . . . . . . . . . . . . . . . Combat Hostiles . | . . . . . . . . . . . . . . . . . . . . . . . . . . . . . Parts Fried 2 | . . . . . . . . . . . . . . . . 2 . . . . . . . . . . . . Impact Corruptions . | . . . . . . . . . . . . . . . . . . . . . . . . . . . . . Robots Melted . | . . . . . . . . . . . . . . . . . . . . . . . . . . . . . Combat Hostiles . | . . . . . . . . . . . . . . . . . . . . . . . . . . . . . Parts Melted 26 | . 1 . 19 . 3 . . . . . . . . . . . 1 . 2 . . . . . . . . . Heat Transferred 10506 | . 850 50 5454 777 2675 600 . . . . . . . . . . . . 100 . . . . . . . . . Parts Sabotaged 4 | . . . . . . . . . . . . . . . 4 . . . . . . . . . . . . . Parts Stolen . | . . . . . . . . . . . . . . . . . . . . . . . . . . . . . Parts Stripped . | . . . . . . . . . . . . . . . . . . . . . . . . . . . . . Power Chain Reactions . | . . . . . . . . . . . . . . . . . . . . . . . . . . . . . Alert | -11 -10 -10 -9 -9 -8 -7 -7 -7 -7 -6 -6 -6 -6 -6 -5 -5 -5 -5 -4 -4 -4 -4 -3 -3 -3 -2 -2 -1 ------- Run | Yrd Mat Min Mat Min Mat Fac Low Low Dat Pro Fac Low Low Zio Pro Fac Ext Cet Fac Was Fac DSF Res Qua Sec Res Tes Acc Peak Influence 661 | . 453 88 364 277 314 281 . . . . 231 . . . . 499 199 2 125 1 5 61 133 299 243 184 598 661 Initial 358 | . . 67 20 141 29 142 . . . . . . . . . 176 46 . . 1 . 3 11 69 168 124 103 358 Average 146 | . 267 55 216 239 80 85 . . . . 99 . . . . 272 57 . 25 1 . 32 36 145 181 152 413 458 Maximum Alert Level 2 | . 2 . 1 1 1 1 . . . . 1 . . . . 2 . . . . . . . 1 1 . 2 2 Low Security (%) 69 | 100 22 100 44 11 81 95 . . . . 97 . . . . 36 100 100 100 100 100 100 100 70 52 100 10 . Level 1 25 | . 67 . 55 88 18 4 . . . . 2 . . . . 49 . . . . . . . 29 47 . 21 24 Level 2 5 | . 9 . . . . . . . . . . . . . . 13 . . . . . . . . . . 67 75 Level 3 . | . . . . . . . . . . . . . . . . . . . . . . . . . . . . . Level 4 . | . . . . . . . . . . . . . . . . . . . . . . . . . . . . . Level 5 . | . . . . . . . . . . . . . . . . . . . . . . . . . . . . . High Security . | . . . . . . . . . . . . . . . . . . . . . . . . . . . . . Max Security . | . . . . . . . . . . . . . . . . . . . . . . . . . . . . . Squads Dispatched 63 | . 3 . 2 . 7 6 . . . . 10 . . . 1 9 2 . 1 . . 2 2 2 3 2 7 4 Investigation 25 | . 2 . 1 . 1 4 . . . . 8 . . . . 4 . . . . . . 1 . . 1 3 . Extermination 3 | . . . . . . . . . . . 1 . . . . . . . . . . . . 1 . . . 1 Reinforcement 29 | . 1 . 1 . 3 2 . . . . 1 . . . . 5 2 . 1 . . 2 1 1 3 1 2 3 Assault 3 | . . . . . . . . . . . . . . . 1 . . . . . . . . . . . 2 . Garrison 3 | . . . . . 3 . . . . . . . . . . . . . . . . . . . . . . . Intercept . | . . . . . . . . . . . . . . . . . . . . . . . . . . . . . Searches Triggered 2 | . . . . . . . . . . . . . . . . 1 . . . . . . . . . . . 1 Data Miner Redirects 2 | . . . . . . . . . . . . . . . . . . . . . . . . . . 1 1 . Construction Impeded 3 | . . . . . . 1 . . . . . . . . . . 1 . 1 . . . . . . . . . Haulers Reinforced 1 | . . . . . . . . . . . . . . . . . . . . . . . . . . . . 1 Active Scanning Responses . | . . . . . . . . . . . . . . . . . . . . . . . . . . . . . Cargo Convoy Interrupts . | . . . . . . . . . . . . . . . . . . . . . . . . . . . . . Stealth | -11 -10 -10 -9 -9 -8 -7 -7 -7 -7 -6 -6 -6 -6 -6 -5 -5 -5 -5 -4 -4 -4 -4 -3 -3 -3 -2 -2 -1 --------- Run | Yrd Mat Min Mat Min Mat Fac Low Low Dat Pro Fac Low Low Zio Pro Fac Ext Cet Fac Was Fac DSF Res Qua Sec Res Tes Acc Distress Signals 18 | . 1 . 5 . 1 1 . . . . . . . . . 2 2 . . . . . 1 1 1 1 . 2 Communications Jammed . | . . . . . . . . . . . . . . . . . . . . . . . . . . . . . Distress Signals . | . . . . . . . . . . . . . . . . . . . . . . . . . . . . . Times Spotted 438 | . 32 1 40 6 31 26 15 1 . 1 32 5 5 . 30 56 17 5 1 6 . 7 18 26 19 7 26 25 Peak Tracking Total 14 | . 8 6 5 4 5 10 9 1 . 1 11 5 4 . 12 10 3 5 1 6 . 4 10 9 9 6 14 11 Tactical Retreats 83 | . 3 . 3 . 3 7 4 . . 1 9 3 4 . 6 11 3 . . . . . 3 7 4 1 3 8 Traps | -11 -10 -10 -9 -9 -8 -7 -7 -7 -7 -6 -6 -6 -6 -6 -5 -5 -5 -5 -4 -4 -4 -4 -3 -3 -3 -2 -2 -1 ------- Run | Yrd Mat Min Mat Min Mat Fac Low Low Dat Pro Fac Low Low Zio Pro Fac Ext Cet Fac Was Fac DSF Res Qua Sec Res Tes Acc Traps Triggered 23 | . 2 . . . . 6 . . . . . . . . . 5 3 . 1 . . 1 1 1 . . . 3 Indirectly . | . . . . . . . . . . . . . . . . . . . . . . . . . . . . . Trap Hack Attempts . | . . . . . . . . . . . . . . . . . . . . . . . . . . . . . Triggered . | . . . . . . . . . . . . . . . . . . . . . . . . . . . . . Disarmed 4 | . . . . . . . . . . . 4 . . . . . . . . . . . . . . . . . Reprogrammed . | . . . . . . . . . . . . . . . . . . . . . . . . . . . . . Reused . | . . . . . . . . . . . . . . . . . . . . . . . . . . . . . Traps Extracted . | . . . . . . . . . . . . . . . . . . . . . . . . . . . . . Installed 11 | . . . . . . . . . . . . . 11 . . . . . . . . . . . . . . . Triggered 4 | . . . . . . . 1 2 . . . 1 . . . . . . . . . . . . . . . . Machines | -11 -10 -10 -9 -9 -8 -7 -7 -7 -7 -6 -6 -6 -6 -6 -5 -5 -5 -5 -4 -4 -4 -4 -3 -3 -3 -2 -2 -1 ---------- Run | Yrd Mat Min Mat Min Mat Fac Low Low Dat Pro Fac Low Low Zio Pro Fac Ext Cet Fac Was Fac DSF Res Qua Sec Res Tes Acc Machines Disabled 16 | . . . 1 . . . . . . . 2 . . . . . 1 . 2 . . . . 4 1 . 5 . Max in Single Turn 2 | . . . 1 . . . . . . . 1 . . . . . 1 . 2 . . . . 1 1 . 1 . Garrison Access 13 | . . . . . 1 2 . . . . 1 . . . . 3 . . 1 . . . 1 . 1 1 1 1 Energy Cycler 2 | . . . . . . . . . . . . . . . . . 2 . . . . . . . . . . . Machines Repaired . | . . . . . . . . . . . . . . . . . . . . . . . . . . . . . Machines Dismantled . | . . . . . . . . . . . . . . . . . . . . . . . . . . . . . Machines Sabotaged . | . . . . . . . . . . . . . . . . . . . . . . . . . . . . . Overloaded Fab Kills . | . . . . . . . . . . . . . . . . . . . . . . . . . . . . . Hacking | -11 -10 -10 -9 -9 -8 -7 -7 -7 -7 -6 -6 -6 -6 -6 -5 -5 -5 -5 -4 -4 -4 -4 -3 -3 -3 -2 -2 -1 --------- Run | Yrd Mat Min Mat Min Mat Fac Low Low Dat Pro Fac Low Low Zio Pro Fac Ext Cet Fac Was Fac DSF Res Qua Sec Res Tes Acc Machines Accessed 123 | . 10 1 9 . 15 13 . . 4 . 20 1 1 . . 14 4 . 2 . 1 . 5 7 4 3 4 5 Terminals 75 | . 7 1 7 . 10 7 . . . . 11 . . . . 7 4 . 1 . 1 . 2 7 3 1 2 4 Fabricators 12 | . . . . . . 3 . . . . 4 . . . . 2 . . . . . . 1 . . 1 1 . Repair Stations 4 | . 1 . 1 . 1 . . . . . 1 . . . . . . . . . . . . . . . . . Recycling Units 7 | . 2 . 1 . 2 . . . . . 1 . . . . 1 . . . . . . . . . . . . Scanalyzers 5 | . . . . . 1 1 . . . . 1 . . . . 1 . . . . . . 1 . . . . . Garrison Access 14 | . . . . . 1 2 . . . . 2 . . . . 3 . . 1 . . . 1 . 1 1 1 1 Total Hacks 392 | . 31 6 26 . 55 26 . . 28 . 54 1 1 . . 52 11 . 6 . 2 . 16 27 14 9 15 12 Successful 203 | . 15 3 8 . 23 14 . . 28 . 26 1 1 . . 26 5 . 3 . 1 . 7 15 7 4 11 5 Failed 188 | . 16 3 18 . 31 12 . . . . 28 . . . . 26 6 . 3 . 1 . 9 12 7 5 4 7 Catastrophic 28 | . 1 . 3 . 1 2 . . . . 5 . . . . 5 2 . 1 . . . 3 3 . 1 1 . Database Lockouts 1 | . . . . . 1 . . . . . . . . . . . . . . . . . . . . . . . Manual 204 | . 18 7 18 . 30 16 . . . . 25 . . . . 26 7 . . . . . 7 22 9 4 7 8 Terminals 248 | . 25 6 21 . 35 16 . . . . 26 . . . . 33 11 . 4 . 2 . 7 27 10 4 11 10 Fabricators 35 | . . . . . . 6 . . . . 16 . . . . 6 . . . . . . 1 . . 3 3 . Repair Stations 12 | . 2 . 3 . 4 . . . . . 3 . . . . . . . . . . . . . . . . . Recycling Units 14 | . 4 . 2 . 3 . . . . . 4 . . . . 1 . . . . . . . . . . . . Scanalyzers 19 | . . . . . 9 1 . . . . 2 . . . . 3 . . . . . . 4 . . . . . Garrison Access 34 | . . . . . 4 3 . . . . 3 . . . . 9 . . 2 . . . 4 . 4 2 1 2 Terminal Hacks 96 | . 10 3 2 . 6 3 . . 28 . 8 1 1 . . 8 5 . 2 . 1 . 2 5 4 . 5 2 Record 14 | . . . . . . . . . 11 . . . . . . . . . . . . . . 1 . . 2 . Part Schematic 17 | . 1 3 . . 2 . . . 8 . 2 . . . . 1 . . . . . . . . . . . . Robot Schematic 6 | . . . . . . . . . 6 . . . . . . . . . . . . . . . . . . . Robot Analysis 8 | . 4 . 1 . . 1 . . . . . . . . . 1 . . . . . . . . 1 . . . Prototype ID Bank 6 | . 2 . . . . . . . 3 . . . . . . 1 . . . . . . . . . . . . Open Door 5 | . . . . . . . . . . . . 1 1 . . . 1 . . . . . . 1 . . . 1 Open DSF 1 | . . . . . . . . . . . . . . . . . . . . . 1 . . . . . . . Level Access Points 1 | . . . . . . . . . . . . . . . . 1 . . . . . . . . . . . . Branch Access Points 5 | . . . . . . 1 . . . . 1 . . . . 1 . . 1 . . . 1 . . . . . Machine Index 1 | . . . . . . . . . . . . . . . . . . . . . . . . . . . . 1 Terminal Index 9 | . . . 1 . 1 1 . . . . 1 . . . . . 1 . . . . . 1 1 1 . 1 . Scanalyzer Index 1 | . . . . . 1 . . . . . . . . . . . . . . . . . . . . . . . Unreport Threat 1 | . . . . . . . . . . . 1 . . . . . . . . . . . . . . . . . Locate Traps 4 | . 2 . . . 1 . . . . . . . . . . 1 . . . . . . . . . . . . Disarm Traps 1 | . . . . . . . . . . . 1 . . . . . . . . . . . . . . . . . Dispatch Records 3 | . . . . . . . . . . . . . . . . . 2 . . . . . . 1 . . . . Recall Investigation 2 | . . . . . . . . . . . 2 . . . . . . . . . . . . . . . . . Hauler Manifests 1 | . 1 . . . . . . . . . . . . . . . . . . . . . . . . . . . Zone Layout 7 | . . . . . 1 . . . . . . . . . . 2 1 . 1 . . . . 1 1 . . . Protovariant Controls 2 | . . . . . . . . . . . . . . . . . . . . . . . . . . . 2 . Activate Exoskeleton 1 | . . . . . . . . . . . . . . . . . . . . . . . . . 1 . . . Fabricator Hacks 25 | . . . . . . 5 . . . . 8 . . . . 6 . . . . . . 1 . . 2 3 . Network Status 5 | . . . . . . 1 . . . . 1 . . . . 1 . . . . . . 1 . . . 1 . Load Schematic 11 | . . . . . . 2 . . . . 4 . . . . 3 . . . . . . . . . 1 1 . Build 9 | . . . . . . 2 . . . . 3 . . . . 2 . . . . . . . . . 1 1 . Repair Station Hacks 9 | . 2 . 2 . 2 . . . . . 3 . . . . . . . . . . . . . . . . . Scan Component 4 | . 1 . 1 . 1 . . . . . 1 . . . . . . . . . . . . . . . . . Repair 4 | . 1 . 1 . 1 . . . . . 1 . . . . . . . . . . . . . . . . . Refit 1 | . . . . . . . . . . . 1 . . . . . . . . . . . . . . . . . Recycling Unit Hacks 4 | . . . 1 . 1 . . . . . 1 . . . . 1 . . . . . . . . . . . . Retrieve Components 4 | . . . 1 . 1 . . . . . 1 . . . . 1 . . . . . . . . . . . . Scanalyzer 13 | . . . . . 9 . . . . . . . . . . 2 . . . . . . 2 . . . . . Insert Component 6 | . . . . . 4 . . . . . . . . . . 1 . . . . . . 1 . . . . . Analyze 7 | . . . . . 5 . . . . . . . . . . 1 . . . . . . 1 . . . . . Garrison Access Hacks 12 | . . . . . . 2 . . . . 1 . . . . 3 . . 1 . . . 1 . 1 1 1 1 Seal Access 12 | . . . . . . 2 . . . . 1 . . . . 3 . . 1 . . . 1 . 1 1 1 1 Unauthorized Hacks 44 | . 3 . 3 . 5 4 . . . . 5 . . . . 6 . . . . . . 1 10 2 1 2 2 Terminals 38 | . 3 . 3 . 4 3 . . . . 1 . . . . 6 . . . . . . 1 10 2 1 2 2 Track 6 | . 1 . . . . . . . . . . . . . . 1 . . . . . . . 2 1 . . 1 Assimilate 6 | . . . . . . 1 . . . . . . . . . 2 . . . . . . . 1 . 1 1 . Botnet 17 | . 2 . 2 . 3 1 . . . . 1 . . . . 2 . . . . . . 1 2 1 . 1 1 Detonate 1 | . . . . . . . . . . . . . . . . . . . . . . . . 1 . . . . Disrupt 4 | . . . . . . . . . . . . . . . . 1 . . . . . . . 3 . . . . Operators 4 | . . . 1 . 1 1 . . . . . . . . . . . . . . . . . 1 . . . . Fabricators . | . . . . . . . . . . . . . . . . . . . . . . . . . . . . . Repair Stations . | . . . . . . . . . . . . . . . . . . . . . . . . . . . . . Recycling Units 3 | . . . . . . . . . . . 3 . . . . . . . . . . . . . . . . . Reject 1 | . . . . . . . . . . . 1 . . . . . . . . . . . . . . . . . Recyclers 1 | . . . . . . . . . . . 1 . . . . . . . . . . . . . . . . . Mask 1 | . . . . . . . . . . . 1 . . . . . . . . . . . . . . . . . Scanalyzers 2 | . . . . . . 1 . . . . 1 . . . . . . . . . . . . . . . . . Extract 2 | . . . . . . 1 . . . . 1 . . . . . . . . . . . . . . . . . Garrison Access 1 | . . . . . 1 . . . . . . . . . . . . . . . . . . . . . . . Jam 1 | . . . . . 1 . . . . . . . . . . . . . . . . . . . . . . . Data Cores Recovered . | . . . . . . . . . . . . . . . . . . . . . . . . . . . . . Used . | . . . . . . . . . . . . . . . . . . . . . . . . . . . . . Hacking Detections 95 | . 9 1 8 . 13 11 . . . . 16 . . . . 11 4 . 2 . . . 4 4 3 2 3 4 Full Trace Events 20 | . 1 . 1 . . 3 . . . . 7 . . . . 4 . . . . . . 1 . . 1 2 . Feedback Events 1 | . . . . . . . . . . . . . . . . . . . . . . . 1 . . . . . Corruption 1 | . . . . . . . . . . . . . . . . . . . . . . . 1 . . . . . Feedback Blocked . | . . . . . . . . . . . . . . . . . . . . . . . . . . . . . Robot Schematics Acquired 11 | . . . . . . . . . 6 . . . . 3 . . . . . . . . . 2 . . . . Robots Built 2 | . . . . . . . . . . . . . . . . 2 . . . . . . . . . . . . Authchips . | . . . . . . . . . . . . . . . . . . . . . . . . . . . . . Time 134 | . . . . . . . . . . . . . . . . 134 . . . . . . . . . . . . Total Robot Build Rating 8 | . . . . . . . . . . . . . . . . 8 . . . . . . . . . . . . Part Schematics Acquired 45 | . 1 3 . . 5 2 . . 8 . 8 . . 14 . 1 . . . . . . . 3 . . . . Parts Built 9 | . . . . . . 2 . . . . 3 . . . . 2 . . . . . . . . . 1 1 . Authchips . | . . . . . . . . . . . . . . . . . . . . . . . . . . . . . Time 724 | . . . . . . 232 . . . . 275 . . . . 47 . . . . . . . . . 102 68 . Total Part Build Rating 47 | . . . . . . 6 . . . . 15 . . . . 10 . . . . . . . . . 8 8 . Parts Repaired 4 | . 1 . 1 . 1 . . . . . 1 . . . . . . . . . . . . . . . . . Time 124 | . 26 . 26 . 32 . . . . . 40 . . . . . . . . . . . . . . . . . Parts Recycled . | . . . . . . . . . . . . . . . . . . . . . . . . . . . . . Recycled Matter . | . . . . . . . . . . . . . . . . . . . . . . . . . . . . . Retrieved Matter . | . . . . . . . . . . . . . . . . . . . . . . . . . . . . . Retrieved Components 25 | . . . 10 . 9 . . . . . 3 . . . . 3 . . . . . . . . . . . . Parts Scanalyzed 6 | . . . . . 4 . . . . . . . . . . 1 . . . . . . 1 . . . . . Part Schematics Acquired 4 | . . . . . 4 . . . . . . . . . . . . . . . . . . . . . . . Parts Damaged 1 | . . . . . 1 . . . . . . . . . . . . . . . . . . . . . . . Bothacking | -11 -10 -10 -9 -9 -8 -7 -7 -7 -7 -6 -6 -6 -6 -6 -5 -5 -5 -5 -4 -4 -4 -4 -3 -3 -3 -2 -2 -1 ------------ Run | Yrd Mat Min Mat Min Mat Fac Low Low Dat Pro Fac Low Low Zio Pro Fac Ext Cet Fac Was Fac DSF Res Qua Sec Res Tes Acc Used RIF Installer . | . . . . . . . . . . . . . . . . . . . . . . . . . . . . . Robots Hacked 1 | . . . . . . . . . . . . . . . . . 1 . . . . . . . . . . . Non-combat 1 | . . . . . . . . . . . . . . . . . 1 . . . . . . . . . . . Combat . | . . . . . . . . . . . . . . . . . . . . . . . . . . . . . Robot Hacks Applied 1 | . . . . . . . . . . . . . . . . . 1 . . . . . . . . . . . find_recycling 1 | . . . . . . . . . . . . . . . . . 1 . . . . . . . . . . . Relay Couplers Released . | . . . . . . . . . . . . . . . . . . . . . . . . . . . . . Fabnet Peak Effective % . | . . . . . . . . . . . . . . . . . . . . . . . . . . . . . Robots Rewired 7 | . . . . . . . . . . . . . . . . 1 6 . . . . . . . . . . . Allies Hacked . | . . . . . . . . . . . . . . . . . . . . . . . . . . . . . Hacks Repelled . | . . . . . . . . . . . . . . . . . . . . . . . . . . . . . Allies | -11 -10 -10 -9 -9 -8 -7 -7 -7 -7 -6 -6 -6 -6 -6 -5 -5 -5 -5 -4 -4 -4 -4 -3 -3 -3 -2 -2 -1 -------- Run | Yrd Mat Min Mat Min Mat Fac Low Low Dat Pro Fac Low Low Zio Pro Fac Ext Cet Fac Was Fac DSF Res Qua Sec Res Tes Acc Total Allies 32 | . . 4 . 2 . 1 . . . . . . . 5 . 5 11 . . . . . . 1 2 1 . . Largest Group 5 | . . 4 1 2 2 1 . . . . . . . 5 5 2 4 4 . . . . . 1 2 1 . . Highest-Rated Group 192 | . . 71 16 45 45 10 . . . . . . . 138 138 74 116 116 . . . . . 26 192 26 . . Highest-Rated Ally 96 | . . 31 16 31 31 10 . . . . . . . 31 31 37 39 39 . . . . . 26 96 26 . . Total Orders 12 | . . . . . . . . . . . . . . . . 1 . . . . . . . . . 1 10 . STAY 2 | . . . . . . . . . . . . . . . . 1 . . . . . . . . . . 1 . EXPLORE 9 | . . . . . . . . . . . . . . . . . . . . . . . . . . 1 8 . RETURN 1 | . . . . . . . . . . . . . . . . . . . . . . . . . . . 1 . Ally Attacks 142 | . . 8 3 2 5 . . . . . . . . . 36 4 66 6 . . . . . . 12 . . . Total Damage 2628 | . . 89 13 20 62 . . . . . . . . . 614 102 1152 151 . . . . . . 425 . . . Kills 22 | . . 2 1 . . . . . . . . . . . 5 . 12 . . . . . . . 2 . . . Allies Corrupted . | . . . . . . . . . . . . . . . . . . . . . . . . . . . . . Allies Melted . | . . . . . . . . . . . . . . . . . . . . . . . . . . . . . Intel | -11 -10 -10 -9 -9 -8 -7 -7 -7 -7 -6 -6 -6 -6 -6 -5 -5 -5 -5 -4 -4 -4 -4 -3 -3 -3 -2 -2 -1 ------- Run | Yrd Mat Min Mat Min Mat Fac Low Low Dat Pro Fac Low Low Zio Pro Fac Ext Cet Fac Was Fac DSF Res Qua Sec Res Tes Acc Robot Analysis Total 8 | . 4 . 1 . . 1 . . . . . . . . . 1 . . . . . . . . 1 . . . Derelict Logs Recovered 9 | . . 1 . . . . . 1 . 1 . 2 1 1 2 . . . . . . . . . . . . . Drone Launches 12 | . . . . . . . . . . . . . . . . . . . . . . . . . . 2 10 . Drone Recoveries 10 | . . . . . . . . . . . . . . . . . . . . . . . . . . 2 8 . Exploration | -11 -10 -10 -9 -9 -8 -7 -7 -7 -7 -6 -6 -6 -6 -6 -5 -5 -5 -5 -4 -4 -4 -4 -3 -3 -3 -2 -2 -1 ------------- Run | Yrd Mat Min Mat Min Mat Fac Low Low Dat Pro Fac Low Low Zio Pro Fac Ext Cet Fac Was Fac DSF Res Qua Sec Res Tes Acc Turns Passed 16835 | 72 1400 684 1990 438 2565 1300 118 52 20 406 1133 180 247 490 212 555 1705 71 435 71 62 76 429 641 471 235 374 403 Spaces Moved 18285 | 53 827 369 770 230 1188 2167 448 212 85 486 2130 471 394 802 566 1074 859 53 244 100 77 60 659 775 923 474 845 944 Core 46 | 2 . . . . . . . . . . . . . . . . 44 . . . . . . . . . . . Treads 3839 | . 448 369 770 230 1188 346 . . . . . . . . . . 404 . 83 1 . . . . . . . . Legs 874 | 51 379 . . . . . . . . . . . . . . . 230 53 161 . . . . . . . . . Wheels 1 | . . . . . . . . . . . . . . . . . . . . . . 1 . . . . . . Hover . | . . . . . . . . . . . . . . . . . . . . . . . . . . . . . Flight 13525 | . . . . . . 1821 448 212 85 486 2130 471 394 802 566 1074 181 . . 99 77 59 659 775 923 474 845 944 Fastest Speed 20 | 50 120 160 160 160 145 23 23 23 23 23 23 23 23 23 20 27 40 120 120 37 37 26 22 26 34 28 26 31 Average Speed 63 | 117 141 160 169 160 186 43 23 23 23 23 23 23 23 23 26 33 147 120 168 38 39 33 22 30 36 32 27 31 Slowest Speed 500 | 120 160 160 240 160 320 250 23 23 23 23 24 24 23 23 195 120 500 120 190 160 117 117 26 107 122 34 31 110 Overloaded Moves 7 | . . . . . . . . . . . . . . . 7 . . . . . . . . . . . . . Propulsion Burnouts . | . . . . . . . . . . . . . . . . . . . . . . . . . . . . . Robots Hopped 59 | . . . . . . 4 2 . . . 14 2 . . 1 12 4 . . . . . 2 9 2 . 4 3 Cave-ins Triggered . | . . . . . . . . . . . . . . . . . . . . . . . . . . . . . Exploration Rate (%) 52 | 5 96 81 71 41 83 46 61 44 69 65 53 64 57 84 69 35 70 23 5 78 3 80 18 62 50 12 82 28 Regions Visited 28 Branch Regions 15 Pre-discovered Areas 5 | . . 1 . 1 . . . . 1 . . . . 1 1 . . . . . . . . . . . . . Known Exits Taken 19 | . . . . . . 1 1 1 1 1 1 1 1 1 1 1 1 1 . . 1 . 1 1 1 1 1 . Unknown Exits Taken 6 | 1 1 1 1 1 1 . . . . . . . . . . . . . . . . . . . . . . . Scrap Searched 20 | . . 1 . . . . 1 2 . 3 . 3 3 4 3 . . . . . . . . . . . . . Spaces Dug 88 | . . . . . . 7 . . . 1 16 6 . . . 17 10 . 3 . . . 9 6 3 . 6 4 Terrain Destroyed 263 | . . . 4 . 16 14 . . . 1 16 6 . . 14 18 21 . 22 . . 9 9 6 25 . 51 31 Melee 62 | . . . . . . 7 . . . 1 11 3 . . . 17 1 . . . . . 8 1 3 . 6 4 Projectile 39 | . . . . . . . . . . . 5 3 . . . 1 20 . 4 . . . 1 5 . . . . AOE 162 | . . . 4 . 16 7 . . . . . . . . 14 . . . 18 . . 9 . . 22 . 45 27 Terrain Rammed . | . . . . . . . . . . . . . . . . . . . . . . . . . . . . . Walls Destroyed . | . . . . . . . . . . . . . . . . . . . . . . . . . . . . . Machines Disabled . | . . . . . . . . . . . . . . . . . . . . . . . . . . . . . Actions | -11 -10 -10 -9 -9 -8 -7 -7 -7 -7 -6 -6 -6 -6 -6 -5 -5 -5 -5 -4 -4 -4 -4 -3 -3 -3 -2 -2 -1 --------- Run | Yrd Mat Min Mat Min Mat Fac Low Low Dat Pro Fac Low Low Zio Pro Fac Ext Cet Fac Was Fac DSF Res Qua Sec Res Tes Acc Total 22633 | 60 948 460 1282 270 1455 2472 458 214 84 777 2706 528 543 1107 614 1199 1182 56 261 138 109 106 912 1153 1029 553 943 1014 Wait 3039 | . 21 86 345 17 146 169 9 2 . 291 507 50 132 284 27 41 124 . . 23 18 21 195 334 78 71 41 7 Move 18150 | 52 826 368 769 229 1187 2158 443 211 84 485 2104 467 393 801 563 1049 852 52 244 99 76 59 654 760 918 473 837 937 Hop 48 | . . . . . . 4 2 . . . 11 1 . . 1 12 2 . . . . . 2 5 2 . 3 3 Pick Up 141 | 2 9 . 21 1 18 14 . 1 . . 8 1 1 5 1 11 6 . 2 . 3 3 8 6 5 4 9 2 Fast Attach 127 | 6 7 . 4 . 6 5 . . . . 3 . . 3 7 15 21 . 3 . 2 7 8 8 4 4 8 6 Attach 98 | . . . 4 1 2 15 1 . . . 5 2 . 1 5 10 8 . 1 4 2 4 10 8 5 . 5 5 Detach 75 | . 2 . 2 . 1 16 . . . . 4 1 . 1 4 5 6 . 1 7 2 1 6 4 2 1 5 4 Swap 92 | . 8 2 16 1 17 11 3 . . . 14 . . 3 . 4 2 . 1 . . 1 2 5 1 . 1 . Drop 170 | . 12 1 25 1 29 23 . . . . 13 . 1 8 . 9 6 . 2 5 5 1 8 8 1 . 11 1 Fire 321 | . 57 1 88 13 47 15 . . . . 8 3 . . 1 3 60 4 7 . . 1 1 5 1 . 3 3 Melee 191 | . . . . . . 21 . . . 1 29 3 5 1 5 33 14 . . . 1 3 18 10 12 . 20 15 Ram . | . . . . . . . . . . . . . . . . . . . . . . . . . . . . . Kick 2 | . 2 . . . . . . . . . . . . . . . . . . . . . . . . . . . Crush 27 | . 4 2 8 7 2 3 . . . . . . . . . . 1 . . . . . . . . . . . Escape Stasis 83 | . . . . . . 18 . . . . . . . . . 5 24 . . . . 5 . . . . . 31 Rewire 58 | . . . . . . . . . . . . . . . . 2 56 . . . . . . . . . . . Trap 11 | . . . . . . . . . . . . . 11 . . . . . . . . . . . . . . . Miscellaneous . | . . . . . . . . . . . . . . . . . . . . . . . . . . . . . Route ------- -11/Scrapyard -10/Materials (discovered 5 exits: *Mat x3 / *Min x2) -10/Mines -9/Materials -9/Mines (discovered 2 exits: *Mat / [*Exi]) -8/Materials (discovered 3 exits: *Fac x3) -7/Factory (discovered 4 exits: *Fac / *Sto / *Low x2) -7/Lower Caves (discovered 2 exits: *Low / *Zio) -7/Lower Caves -7/Data Miner -6/Proximity Caves -6/Factory (discovered 4 exits: *Fac x2 / *Low x2) -6/Lower Caves -6/Lower Caves (discovered 2 exits: *Fac / *Zio) -6/Zion -5/Proximity Caves -5/Factory (discovered 8 exits: *Fac x4 / *Upp x2 / *Ext x2) -5/Extension (discovered 2 exits: *Fac / *Cet) -5/Cetus -4/Factory (discovered 2 exits: Upp x2) -4/Waste -4/Factory (discovered 2 exits: *Upp / DSF) -4/DSF -3/Research (discovered 4 exits: *Res / Arm / *Qua x2) -3/Quarantine -3/Section 7 -2/Research (discovered 2 exits: *Acc / *Tes) -2/Testing -1/Access To Epsilon Eridani History --------- Turn | Location | Event 5 | -11/Scrapyard | Discovered new exit (range 16) 73 | -11/Scrapyard | Entered Materials 296 | -10/Materials | Discovered new exit (range 9) 314 | -10/Materials | Build established: Mutant 504 | -10/Materials | Repaired Lgt. Armor Plating? 661 | -10/Materials | Discovered new exit (range 14) 983 | -10/Materials | Discovered new exit (range 13) 1133 | -10/Materials | Discovered new exit (range 15) 1280 | -10/Materials | Discovered new exit (range 16) 1473 | -10/Materials | Entered Mines 1476 | -10/Mines | Received a Mining Laser from a helpful Derelict 1488 | -10/Mines | Learned location of Zion (-6) 1490 | -10/Mines | Met a Derelict bent on vengeance 1574 | -10/Mines | Assisted by bots powering up and referring to "LRC-V3" 1637 | -10/Mines | Discovered new exit (range 10) 2006 | -10/Mines | Assembled infested the area 2011 | -10/Mines | Assisted by a Guerilla fighting off Assembled 2157 | -10/Mines | Entered Materials 2157 | -9/Materials | Accompanied by 1 ally 2157 | -9/Materials | Evolved 2 slots: Utility x2 3296 | -9/Materials | Discovered new exit (range 7) 3353 | -9/Materials | Repaired Lgt. Armor Plating 4147 | -9/Materials | Entered Mines 4255 | -9/Mines | Found a hidden stash of uninstalled traps 4335 | -9/Mines | Found a damaged Exp. Sensor Array with a note attached 4340 | -9/Mines | Found Prototype Device 4369 | -9/Mines | Learned location of Storage (-7) 4526 | -9/Mines | Deemed a non-threat by the Exiles lab entrance 4526 | -9/Mines | Discovered new exit (range 5) 4563 | -9/Mines | Discovered new exit (range 8) 4585 | -9/Mines | Entered Materials 4585 | -8/Materials | Accompanied by 2 allies 4585 | -8/Materials | Evolved 2 slots: Propulsion x1, Utility x1 4590 | -8/Materials | Led the pair of lost Derelicts to an unsafe place 4607 | -8/Materials | Build established: Scavenger-Mutant 4800 | -8/Materials | Garrison activated, responded to threat 4842 | -8/Materials | Identified Exp. Sensor Array 4949 | -8/Materials | Repaired Hrd. Light Armor Plating 5248 | -8/Materials | Met 7R-MNS 5509 | -8/Materials | Build established: Mutant 5997 | -8/Materials | Discovered new exit (range 16) 6283 | -8/Materials | Discovered new exit (range 3) 6724 | -8/Materials | Central database locked down 6835 | -8/Materials | Discovered new exit (range 8) 7150 | -8/Materials | Entered Factory 7150 | -7/Factory | Evolved 2 slots: Propulsion x2 7151 | -7/Factory | Caught up to 7R-MNS 7437 | -7/Factory | Build established: Hacker-Mutant 7781 | -7/Factory | Discovered new exit (range 15) 8150 | -7/Factory | Build established: Hacker-Sprinter 8324 | -7/Factory | Fabricated Imp. VTOL Module (x1) 8342 | -7/Factory | Fabricated Imp. VTOL Module (x1) 8401 | -7/Factory | Discovered new exit (range 4) 8432 | -7/Factory | Identified exit to Storage 8432 | -7/Factory | Identified exit to Lower Caves 8450 | -7/Factory | Entered Lower Caves 8483 | -7/Lower Caves | Attracted the attention of an 0b10 base 8515 | -7/Lower Caves | Attracted the attention of an 0b10 checkpoint 8552 | -7/Lower Caves | A Derelict revealed a hidden shortcut to a safe place 8566 | -7/Lower Caves | Discovered new exit (range 6) 8567 | -7/Lower Caves | Identified exit to Lower Caves 8568 | -7/Lower Caves | Entered another Lower Caves area 8582 | -7/Lower Caves | Attracted the attention of an 0b10 checkpoint 8612 | -7/Lower Caves | Discovered new exit (range 14) 8614 | -7/Lower Caves | Learned Factory trap positions 8620 | -7/Lower Caves | Identified exit to Data Miner 8620 | -7/Lower Caves | Entered Data Miner 8620 | -7/Data Miner | Discovered new exit (range 6) 8625 | -7/Data Miner | Met Data Miner 8629 | -7/Data Miner | Learned location of Section 7 (-3) 8629 | -7/Data Miner | Acquired the access code to Warlord's prototype stash 8633 | -7/Data Miner | Received God Mode back door access code from Data Miner 8640 | -7/Data Miner | Identified exit to Proximity Caves 8640 | -7/Data Miner | Entered Proximity Caves 8811 | -6/Proximity Caves | Received a Behemoth hack from an annoying Tinkerer 8997 | -6/Proximity Caves | Learned Factory security intel 9044 | -6/Proximity Caves | Discovered new exit (range 6) 9045 | -6/Proximity Caves | Identified exit to Factory 9046 | -6/Proximity Caves | Entered Factory 9046 | -6/Factory | Evolved 2 slots: Utility x2 9047 | -6/Factory | Loaded intel: 123 trap records 9211 | -6/Factory | Identified exit to Lower Caves 9245 | -6/Factory | Discovered new exit (range 7) 9248 | -6/Factory | Identified exit to Factory 9593 | -6/Factory | Repaired Gravity Neutralizer 9675 | -6/Factory | Build established: Hacker-Scout 9870 | -6/Factory | Fabricated Cld. Cesium-ion Thruster? 9955 | -6/Factory | Discovered exit to Factory (range 4) 9982 | -6/Factory | Fabricated Imp. Hacking Suite? 10024 | -6/Factory | Fabricated Cld. Cesium-ion Thruster? 10179 | -6/Factory | Entered Lower Caves 10185 | -6/Lower Caves | Learned Factory interactive machine intel 10189 | -6/Lower Caves | Encountered a Warlord checkpoint 10254 | -6/Lower Caves | Spotted B-75 Beast 10338 | -6/Lower Caves | Attracted the attention of an 0b10 checkpoint 10339 | -6/Lower Caves | Learned location of 1 exit from Factory 10358 | -6/Lower Caves | Discovered new exit (range 5) 10358 | -6/Lower Caves | Identified exit to Lower Caves 10359 | -6/Lower Caves | Entered another Lower Caves area 10363 | -6/Lower Caves | Discovered exit to Factory (range 5) 10386 | -6/Lower Caves | Attracted the attention of an 0b10 checkpoint 10390 | -6/Lower Caves | Encountered a Warlord checkpoint 10398 | -6/Lower Caves | Spotted B-75 Beast 10565 | -6/Lower Caves | Learned Factory terminal intel 10604 | -6/Lower Caves | Discovered new exit (range 7) 10605 | -6/Lower Caves | Identified exit to Zion 10606 | -6/Lower Caves | Entered Zion 10613 | -6/Zion | Gained Derelict followers 10673 | -6/Zion | Learned Factory emergency access door positions 10710 | -6/Zion | Found Prototype Special Weapon 10710 | -6/Zion | Identified RU-N14's Throwing Claymores 10745 | -6/Zion | Learned location of Warlord (-5) 10804 | -6/Zion | Learned 4 Factory zone layouts 10859 | -6/Zion | Given A8's code to call for help 10985 | -6/Zion | Found CR-A16's Pointy Stick 10993 | -6/Zion | Discovered new exit (range 13) 10996 | -6/Zion | Identified exit to Proximity Caves 11096 | -6/Zion | Entered Proximity Caves 11096 | -5/Proximity Caves | Accompanied by 5 allies 11114 | -5/Proximity Caves | Attracted the attention of an 0b10 checkpoint 11162 | -5/Proximity Caves | Lost 3 allies 11208 | -5/Proximity Caves | Attracted the attention of an 0b10 outpost 11238 | -5/Proximity Caves | Lost 6 parts (1p4n1u) 11255 | -5/Proximity Caves | Learned 4 Factory zone layouts 11291 | -5/Proximity Caves | Core integrity fell below 50% 11305 | -5/Proximity Caves | Discovered exit to Factory (range 11) 11308 | -5/Proximity Caves | Entered Factory 11308 | -5/Factory | Evolved 2 slots: Utility x2 11309 | -5/Factory | Identified exit to Factory 11310 | -5/Factory | Identified exit to Extension 11312 | -5/Factory | Loaded intel: 54 interactive machine locations 11313 | -5/Factory | Loaded intel: 28 terminal locations 11317 | -5/Factory | Lost 5 parts (1p4n) 11358 | -5/Factory | Identified exit to Upper Caves 11479 | -5/Factory | Build established: Hacker-Sprinter 11608 | -5/Factory | Search patrols dispatched 11639 | -5/Factory | Fabricated Adv. Sensor Array (x2) 11659 | -5/Factory | Fabricated P-60 Hacker? 11863 | -5/Factory | Entered Extension 11892 | -5/Extension | Lost 8 parts (3n5u) 11914 | -5/Extension | Disrupted transfer network 11920 | -5/Extension | Rescued a captive Derelict 11921 | -5/Extension | Rescued a captive Derelict 12027 | -5/Extension | Core integrity fell below 50% 12044 | -5/Extension | Rescued a captive Derelict 12242 | -5/Extension | Rescued a captive Derelict 12243 | -5/Extension | Rescued a captive Derelict 12244 | -5/Extension | Energy Cycler disabled 12244 | -5/Extension | Rescued a captive Derelict 12244 | -5/Extension | Rescued a captive Derelict 12250 | -5/Extension | Rescued a captive Derelict 12253 | -5/Extension | Rescued a captive Derelict 12300 | -5/Extension | Lost 3 allies 12523 | -5/Extension | System corruption reached 10% 12853 | -5/Extension | Build established: Scavenger-Skirmisher 13309 | -5/Extension | Lost 5 parts (1p3n1u) 13450 | -5/Extension | Discovered exit to Factory (range 10) 13453 | -5/Extension | Discovered new exit (range 6) 13516 | -5/Extension | Identified exit to Cetus 13568 | -5/Extension | Entered Cetus 13568 | -5/Cetus | Accompanied by 4 allies 13579 | -5/Cetus | Spotted Cetus Guard 13582 | -5/Cetus | Spotted Cetus Guard 13582 | -5/Cetus | Spotted Cetus Guard 13582 | -5/Cetus | Spotted Cetus Guard 13614 | -5/Cetus | Discovered exit to Factory (range 22) 13637 | -5/Cetus | Lost 4 allies 13639 | -5/Cetus | Entered Factory 13639 | -4/Factory | Evolved 2 slots: Propulsion x1, Utility x1 13965 | -4/Factory | Build established: Hacker-Mutant 14021 | -4/Factory | Identified exit to Upper Caves 14074 | -4/Factory | Sucked down chute 14074 | -4/Factory | Entered Waste 14086 | -4/Waste | Spotted C-40 Crusher 14089 | -4/Waste | EMP discharged 14089 | -4/Waste | System corruption reached 10% 14111 | -4/Waste | Spotted C-40 Crusher 14112 | -4/Waste | Spotted C-40 Crusher 14119 | -4/Waste | Spotted C-40 Crusher 14133 | -4/Waste | Spotted C-40 Crusher 14134 | -4/Waste | Spotted C-40 Crusher 14138 | -4/Waste | Discovered new exit (range 22) 14145 | -4/Waste | Identified exit to Factory 14145 | -4/Waste | Entered Factory 14173 | -4/Factory | Discovered exit to Upper Caves (range 21) 14176 | -4/Factory | Identified exit to DSF 14207 | -4/Factory | Entered DSF 14238 | -4/DSF | Additional patrols routed to DSF 14279 | -4/DSF | Discovered new exit (range 14) 14283 | -4/DSF | Identified exit to Research 14283 | -4/DSF | Entered Research 14283 | -3/Research | Evolved 2 slots: Propulsion x1, Utility x1 14299 | -3/Research | Lost 7 parts (1p2n3u1w) 14347 | -3/Research | Identified exit to Armory 14347 | -3/Research | Identified exit to Quarantine 14684 | -3/Research | Discovered new exit (range 13) 14708 | -3/Research | Spotted B-90 Cyclops 14712 | -3/Research | Entered Quarantine 14726 | -3/Quarantine | Found Alien Artifact 14731 | -3/Quarantine | Found Alien Artifact 14737 | -3/Quarantine | Found Alien Artifact 14743 | -3/Quarantine | Lost 6 parts (3n3u) 14941 | -3/Quarantine | Identified Terrabomb (x3) 14941 | -3/Quarantine | Used Terrabomb 14960 | -3/Quarantine | Found Alien Artifact 15020 | -3/Quarantine | Build established: Wizard-Scout 15023 | -3/Quarantine | Found Alien Artifact 15023 | -3/Quarantine | Identified Phase Redirector 15241 | -3/Quarantine | Spotted Alpha 7 15251 | -3/Quarantine | Found Alien Launcher 15251 | -3/Quarantine | Identified Sigix Terminator 15298 | -3/Quarantine | Lost 8 parts (1p5n2u) 15316 | -3/Quarantine | Identified Subatomic Replicator 15316 | -3/Quarantine | Used Subatomic Replicator to replicate Impulse Thruster Array 15325 | -3/Quarantine | Spotted Fortress 15351 | -3/Quarantine | Discovered new exit (range 6) 15352 | -3/Quarantine | Identified exit to Section 7 15353 | -3/Quarantine | Entered Section 7 15388 | -3/Section 7 | Build established: Hacker-Scout 15520 | -3/Section 7 | Found Alien Artifact 15520 | -3/Section 7 | Identified Integrated Reactor 15520 | -3/Section 7 | Installed Integrated Reactor, increased core energy generation (+10) 15634 | -3/Section 7 | Spotted S7 Guard 15641 | -3/Section 7 | Discovered new exit (range 8) 15644 | -3/Section 7 | Identified exit to Research 15671 | -3/Section 7 | Enhanced Grunt warped into view, answering call for help 15676 | -3/Section 7 | Enhanced Grunt warped into view, answering call for help 15687 | -3/Section 7 | Spotted Alpha 7 15687 | -3/Section 7 | Spotted Alpha 7 15700 | -3/Section 7 | Spotted B-99 Colossus 15735 | -3/Section 7 | Used Terrabomb 15746 | -3/Section 7 | Spotted Executioner 15814 | -3/Section 7 | Core integrity fell below 50% 15824 | -3/Section 7 | Entered Research 15824 | -2/Research | Evolved 2 slots: Propulsion x1, Utility x1 15844 | -2/Research | Lost 3 parts (1n2u) 15880 | -2/Research | Discovered new exit (range 20) 15949 | -2/Research | Incoming investigation squad redirected 15967 | -2/Research | Discovered new exit (range 9) 15970 | -2/Research | Identified exit to Access 16021 | -2/Research | Fabricated Imp. Diametric Drive (x1) 16041 | -2/Research | Identified exit to Testing 16059 | -2/Research | Entered Testing 16137 | -2/Testing | Found Prototype Energy Cannon 16137 | -2/Testing | Identified Null Cannon 16157 | -2/Testing | Protovariant out of control (PX-HV6S10NDCC) 16157 | -2/Testing | Unleashed a protovariant (PX-HV6S10NDCC) 16187 | -2/Testing | Incoming assault squad redirected 16204 | -2/Testing | Found Prototype Processor 16234 | -2/Testing | Identified Exp. Armor Integrity Analyzer 16309 | -2/Testing | First assault squad dispatched 16311 | -2/Testing | Build established: Hacker-Sprinter 16342 | -2/Testing | Found Prototype Device 16342 | -2/Testing | Identified Exp. Hardlight Generator 16423 | -2/Testing | Discovered exit to Access (range 3) 16426 | -2/Testing | Fabricated Imp. Diametric Drive? 16433 | -2/Testing | Entered Access 16433 | -1/Access | Evolved 2 slots: Power x1, Utility x1 16453 | -1/Access | Spotted B-99 Colossus 16532 | -1/Access | Spotted B-99 Colossus 16532 | -1/Access | Spotted B-99 Colossus 16627 | -1/Access | Spotted B-99 Colossus 16632 | -1/Access | Build established: Wizard-Sprinter 16683 | -1/Access | Search patrols dispatched 16835 | -1/Access | Discovered new exit (range 6) 16836 | -1/Access | Identified exit to Surface 16836 | *** | Escaped! Last Messages --------------- 16799_ C-30 ARC bursts open, deploying its payload. 16799_ G-73 Enforcer unfolds itself. 16800_ Acquired 92 matter. 16810_ Imp. Hacking Suite destroyed. 16810_ Xenon Bombardment Thruster destroyed. 16821_ A-15 Conveyor calls for reinforcements. 16821_ ALERT: Hostile activity reported, dispatching reinforcements to area. 16822_ Destroyed Imp. Antigrav System. 16822_ P-80 Master destroyed. 16828_ W-44 Eye sends out distress signal. 16829_ The unstable cave ceiling collapses. 16829_ U-05 Engineer builds a Wall. 16834_ Connecting with Terminal... >>Open(Door) Sealed Barrier opened. 16835_ The Access Shell folds into the floor. 16835_ EXIT=FOUND 16836_ EXIT=IDENTIFIED: SURFACE Map ----- +----------------------------------------------------+ | #"" # #????????????? # #????????? | | #" "/" #??????????????? # ########## | | # # #????????????????? # # # | | # # #?????????????????? # # | | #######"## #################### " ? | | # u # """ # | | # # """ # | | # ####################### # " # | | # #??????????# % # | | # #??????????# * # # | | # "#??????????#[ # | | # ""#??????????# ######## | | # ""#??????????# "" "" # #??????? | | # ""#??????????# ""R"" # # #??????? | | # ""#??????????# """" # #????????? | | # T"#??????????#! # #????????? | | # ""#??????????# # #????????? | | # ""#??????????################## #????????? | | # ""#???????????????????????????# #????????? | | # ""#???????????????????###?????# #????????? | | + "#??????????########## #######u #????????? | | # #??????????" w#????????? | | # #??????????" #????????? | | ########## ????" #????????? | | ????" #????????? | | ????" "@ #????????? | | ????" "" #????????? | | ????" k#????????? | | ######+### ?????" #????????? | | ?????????????? ?????" """ """ #????????? | | ????????????????????" """T""" #????????? | | ????????????????????########## ####### #????????? | | ?????????????????????????????###?????# #????????? | | ?????????????????????????????????????# #????????? | | ?????????????????????????????????????# #????????? | | ?????????????????????????????????????? #????????? | | ?????????????????????????????????????? #????????? | | ?????????????????????????????????????? #????????? | | ?????????????????????????????????????? #????????? | | ??????????????????????????????????????? ?????????? | | ?????????????????????????????????????????????????? | | ?????????????????????????????????????????????????? | | ?????????????????????????????????????????????????? | | ?????????????????????????????????????????????????? | | ?????????????????????????????????????????????????? | | ?????????????????????????????????????????????????? | | ?????????????????????????????????????????????????? | | ?????????????????????????????????????????????????? | | ?????????????????????????????????????????????????? | | ?????????????????????????????????????????????????? | +----------------------------------------------------+ Best States ------------- Heat Dissipation 78 Energy Generation 35 Energy Capacity 340 Matter Stores 300 Matter Capacity 300 Sight Range 22 Robot Scan Range 20 Terrain Scan Density 10 ECM Strength 1 Jamming Range 14 Power Amplification 30 Additional Mass Support 12 Base Temperature (-) 200 Corruption Block 15 Armor Coverage 375 Resistance: KI 20 Propulsion Shielding 66 Point Defense Rating 80 Evasion (%) 75 Targeting Accuracy 8 Melee Accuracy 8 Recoil Reduction 4 Offensive Hacking 34 Defensive Hacking 38 Item Schematics ----------------- Med. Storage Unit | -10/Materials | Hacked Sml. Storage Unit | -10/Mines | Hacked ECM Suite | -10/Mines | Hacked Propulsion Shielding | -10/Mines | Hacked System Shield | -8/Materials | Hacked Hacking Suite | -8/Materials | Scanalyzed Imp. Sensor Array | -8/Materials | Scanalyzed Lrg. Storage Unit | -8/Materials | Scanalyzed Imp. VTOL Module | -8/Materials | Scanalyzed Power Maul | -7/Factory | Extracted Airjet | -7/Factory | Extracted Combat Drone Bay | -7/Data Miner | Free Lgt. Regenerative Plating | -7/Data Miner | Free Cld. Cesium-ion Thruster | -7/Data Miner | Free Gravity Neutralizer | -7/Data Miner | Free Prc. Rocket Launcher | -7/Data Miner | Free Med. Armored Exoskeleton | -7/Data Miner | Free Imp. Component Analysis Suite | -7/Data Miner | Free Imp. Remote Datajack | -7/Data Miner | Free Imp. Hacking Suite | -6/Factory | Hacked Biomechanical Wings | -6/Factory | Hacked Focal Shield | -6/Factory | Extracted Reactive Plating | -6/Factory | Extracted Gauss Rifle | -6/Factory | Extracted Arc Projector | -6/Factory | Extracted Com. Battery | -6/Factory | Extracted Imp. Medium Armor Plating | -6/Factory | Extracted Imp. Trap Scanner | -6/Zion | Archive Antigrav System | -6/Zion | Archive Imp. Transmission Jammer | -6/Zion | Archive Imp. Target Analyzer | -6/Zion | Archive Disruptor Cannon | -6/Zion | Archive Myomer Leg | -6/Zion | Archive Field Propulsion Drive | -6/Zion | Archive Arm. Leg | -6/Zion | Archive Centrium Wheel | -6/Zion | Archive Thermic Laser | -6/Zion | Archive Wave Gun | -6/Zion | Archive Adv. Terrain Scanner | -6/Zion | Archive Imp. Recalibrator | -6/Zion | Archive Imp. Particle Charger | -6/Zion | Archive Adv. Sensor Array | -5/Factory | Hacked Exp. System Shield | -3/Quarantine | Archive Imp. Diametric Drive | -3/Quarantine | Archive Adv. Myomer Leg | -3/Quarantine | Archive Robot Schematics ------------------ P-60 Hacker | -7/Data Miner | Free R-10 Processor | -7/Data Miner | Free H-66 Slayer | -7/Data Miner | Free G-47 Trooper | -7/Data Miner | Free G-50 Soldier | -7/Data Miner | Free B-60 Warrior | -7/Data Miner | Free K-01 Serf | -6/Zion | Archive L-41 Fighter | -6/Zion | Archive X-82 Rainmaker | -6/Zion | Archive G-67 Veteran | -3/Quarantine | Archive Y-72 Warden | -3/Quarantine | Archive Fabricated ------------ Imp. VTOL Module | x1 | -7/Factory Imp. VTOL Module | x1 | -7/Factory Cld. Cesium-ion Thruster | x1 | -6/Factory Imp. Hacking Suite | x1 | -6/Factory Cld. Cesium-ion Thruster | x1 | -6/Factory Adv. Sensor Array | x2 | -5/Factory P-60 Hacker | x2 | -5/Factory Imp. Diametric Drive | x1 | -2/Research Imp. Diametric Drive | x1 | -2/Testing Alien Tech Used ----------------- Terrabomb Phase Redirector Sigix Terminator Subatomic Replicator Integrated Reactor Achievements -------------- None Challenges ------------ None Game ------ Seed DiametricDeepSaw Manual? 0 Play Time 03:35:33 Cumulative 143.7 hours Start 2024.11.06 @ 11:58:21 End 2024.11.06 @ 15:41:35 Sessions 1 Manual Loads 0 Difficulty Rogue Special Mode None Game No. 74 Rogue 11 Adventurer 63 Explorer 0 Win Type 0 Total 7 Types 7/0/0/0/0/0/0/0/0 Lore% 65 Gallery% 65 Achievement% 54 Wizard Run 0 Options --------- Layout 1 ASCII 0 Keyboard 1 Movement Numpad Keybinds 0 Fullscreen 1 Font 24/Terminus Map View 50x35 Zoom Use 0% Tactical HUD 1 Map Filters NONE Filters NONE Steam 1 RUN: faf3deca-2618-485b-9205-f60541a01f0e